 Dungeon Crawl Stone Soup version 0.30.0-19-g36f170ea60 (webtiles) character file.

Game seed: 11800937825407853584

289 avis the Shield-Bearer (level 6, 0/41 HPs)
             Began as an Octopode Transmuter on May 28, 2023.
             Was a Follower of Uskayaw.
             Splashed by a jelly's acid (9 damage)
             ... on level 5 of the Dungeon on May 29, 2023.
             The game lasted 00:26:14 (4216 turns).

avis the Shield-Bearer (Octopode Transmuter)        Turns: 4216, Time: 00:26:17

Health: 0/41       AC: -15   Str: 10    XL:     6   Next: 31%
Magic:  6/9        EV: 13    Int: 15    God:    Uskayaw [*.....]
Gold:   82         SH: 10    Dex: 14    Spells: 3/9 levels left

rFire   . . .        a - +2 whip (venom)
rCold   . . .        m - +0 buckler
rNeg    . . .        (helmet currently unavailable)
rPois   .            c - amulet of reflection
rElec   .            (no ring)
rCorr   .            (no ring)
SInv    .            (no ring)
Will    .....        (no ring)
Stlth   +++          (no ring)
HPRegen 0.26/turn    (no ring)
MPRegen 0.11/turn    (no ring)
                     (no ring)

%: reflection
@: appendages (expiring), corroded
A: tentacle spike 3, almost no armour, amphibious, 8 rings, camouflage 1,
gelatinous body 1, (nimble swimmer 1), tentacles
a: End Transformation, Renounce Religion, Stomp


You were on level 5 of the Dungeon.
You worshipped Uskayaw.
Uskayaw was noncommittal.
One of your tentacles had grown a beastly spike.
You visited 1 branch of the dungeon, and saw 5 of its levels.

You collected 152 gold pieces.
You spent 70 gold pieces at shops.

Inventory:

Hand Weapons
 a - a +2 whip of venom (weapon)
 b - a +1 trident of protection
 w - the +1 falchion "Catun" {venom, Fragile rN++}
   (You found it on level 3 of the Dungeon)

   rN:        It greatly protects you from negative energy.
   Fragile:   It will be destroyed if unequipped.
Missiles
 A - 6 poisoned darts
Armour
 m - a +0 buckler (worn)
Jewellery
 c - an amulet of reflection (around mantle)
 g - a ring of ice
 h - a +5 ring of evasion
 o - a ring of protection from fire
 y - a ring of fire
Scrolls
 d - 4 scrolls of magic mapping {unknown}
 e - a scroll of immolation {unknown}
 f - 11 scrolls of identify
 j - a scroll of fog {unknown}
 l - 2 scrolls of fear {unknown}
 p - 2 scrolls of blinking {unknown}
 q - 3 scrolls of teleportation
 z - a scroll of vulnerability {unknown}
Potions
 i - a potion of flight {unknown}
 k - 2 potions of brilliance {unknown}
 n - 2 potions of lignification
 r - 2 potions of degeneration {unknown}
 s - a potion of heal wounds {unknown}
 t - a potion of curing {unknown}
 u - a potion of magic {unknown}
 v - a potion of cancellation {unknown}
 x - a potion of attraction {unknown}


   Skills:
 - Level 2.5 Fighting
 - Level 3.0 Dodging
 - Level 2.0 Stealth
 * Level 3.7 Shields
 - Level 3.0 Unarmed Combat
 - Level 2.0 Spellcasting
 - Level 2.0 Transmutations
 + Level 2.8 Invocations


You had 3 spell levels left.
You knew the following spells:

 Your Spells              Type           Power      Damage    Failure   Level
a - Beastly Appendage     Tmut           14%        N/A       14%         1
e - Wereblood             Tmut           7%         N/A       21%         2
p - Spider Form           Tmut/Pois      4%         N/A       52%         3

Your spell library contained the following spells:

 Spells                   Type           Power      Damage    Failure   Level
 Ice Form                 Ice/Tmut       4%         N/A       90%         4


Dungeon Overview and Level Annotations

Branches:
Dungeon (5/15)
 Temple: D:4-7

Altars:
Gozag
Nemelex Xobeh
Uskayaw

Shops:
D:3 ?


Innate Abilities, Weirdness & Mutations

One of your tentacles has grown a beastly spike.
You cannot wear most types of armour.
You are amphibious.
You can wear up to eight rings at the same time.
Your skin changes colour to match your surroundings (Stealth+).
Your rubbery body absorbs attacks. (AC +1, EV +1)
((You are camouflaged when in or above water. (Stealth+)))
You have tentacles for arms and can constrict up to eight enemies at once.


Message History

The spell is quite dangerous to miscast (52% risk of failure)!
Continue anyway?
You turn into a venomous arachnid creature.
Your +2 whip of venom melds into your body.
Your +0 buckler melds into your body.
Your +2 whip of venom stops dripping with poison.
Your transformation is almost over.
You climb downwards.
There is a stone staircase leading up here.
The jelly quivers.
You hit the jelly but do no damage. The acid corrodes you!
Your front pincers burn!
You block the jelly's attack.
You hit the jelly but do no damage.
Your front pincers burn!
You block the jelly's attack.
You bite the jelly!
The jelly is poisoned.
Your front pincers burn!
The jelly is heavily wounded.
Your transformation has ended.
Your +2 whip of venom unmelds from your body.
Your +0 buckler unmelds from your body.
Your +2 whip of venom begins to drip with poison!
You block the jelly's attack.
Casting: Spider Form (quite dangerous; 52% risk of failure)
Confirm with . or Enter, or press ? or * to list all spells.
One of your tentacles grows a vicious spike.
The jelly barely misses you.
You hit the jelly but do no damage.
Your tentacles burn!
You pierce the jelly, but do no damage.
The jelly is moderately wounded.
Your transformation is almost over.
The jelly hits you. The acid corrodes you!
You are splashed with acid!
You hit the jelly.
Your tentacles burn!
The jelly is severely wounded.
The jelly hits you. The acid corrodes you!
You are splashed with acid!
You hit the jelly.
The jelly looks as sick as possible!
The acid corrodes you!
Your tentacles burn!
* * * LOW HITPOINT WARNING * * *
The jelly is almost dead.
The jelly hits you.
* * * LOW HITPOINT WARNING * * *
The acid corrodes you!
You are splashed with acid!
You die...

......... ##.
......... ##...
#.......# ......#
##.......#
.......##.........
................#
...........J....#
.........@!....#
#.......>......
#..............
#...<.........#
#......##......#
#.......# ###...#
#.#......# #... .
###....# #..
#...##


You could see a jelly (extremely poisoned).

Vanquished Creatures
  2 scorpions (D:4)
  A sleepcap (D:4)
  An iguana (D:4)
  4 adders
  2 worms
  3 dart slugs
  4 orcs
  5 endoplasms
  6 giant cockroaches
  7 goblins
  4 hobgoblins
  6 kobolds
  5 quokkas
  9 ball pythons
  6 bats
  3 frilled lizards
  7 rats
75 creatures vanquished.

Notes
Turn   | Place    | Note
-------+----------+-------------------------------------------
     0 | D:1      | avis the Octopode Transmuter began the quest for the Orb.
     0 | D:1      | Reached XP level 1. HP: 13/13 MP: 3/3
   177 | D:1      | Reached XP level 2. HP: 17/19 MP: 3/5
   207 | D:1      | Reached skill level 1 in Stealth
   615 | D:1      | Reached XP level 3. HP: 21/24 MP: 3/6
  1113 | D:1      | Learned a level 2 spell: Wereblood
  1117 | D:1      | Learned a level 3 spell: Spider Form
  1357 | D:2      | Found a hide-covered altar of Uskayaw.
  1367 | D:2      | Became a worshipper of Uskayaw the Reveller
  1524 | D:2      | Reached XP level 4. HP: 29/30 MP: 2/7
  1636 | D:2      | Reached * piety under Uskayaw
  2210 | D:3      | Found Atecur's Magic Scroll Shoppe.
  2470 | D:3      | Reached skill level 1 in Shields
  2517 | D:3      | You fall into a shaft and drop 1 floor!
  2550 | D:4      | Noticed a scorpion
  2554 | D:4      | Reached ** piety under Uskayaw
  2555 | D:4      | Killed a scorpion
  2556 | D:4      | Reached skill level 1 in Invocations
  2556 | D:4      | Reached XP level 5. HP: 35/35 MP: 4/8
  2794 | D:3      | Identified the +1 falchion "Catun" {venom, Fragile rN++}
  3073 | D:3      | Bought a scroll of identify for 28 gold pieces
  3073 | D:3      | Bought a scroll of teleportation for 42 gold pieces
  3093 | D:4      | Found a sparkling altar of Nemelex Xobeh.
  3604 | D:4      | Reached XP level 6. HP: 24/41 MP: 9/9
  3852 | D:4      | Found an opulent altar of Gozag.
  4164 | D:5      | Entered Level 5 of the Dungeon
  4216 | D:5      | Splashed by a jelly's acid

Illustrated notes

Levels and vault maps discovered:
D:1:      amcnicky_arrival_wind_blow, layout_basic
D:2:      layout_rooms, basic_altar
D:3:      layout_basic, serial_shops, nicolae_shop_peninsula, minmay_puff
D:4:      layout_loops_ring, mainiacjoe_overflow_alcove_1,
          mainiacjoe_overflow_alcove_4
D:5:      wander_river, layout_layer_cave, minmay_temple_entry_junction,
          gammafunk_ghost_mausoleum, hangedman_decor_opposing

Skill      XL: |  1  2  3  4  5 |
---------------+----------------+-----
Fighting       | 2 |  2.5
Stealth        | 1 2 |  2.0
Dodging        | 3 |  3.0
Shields        | 2 3 |  3.7
Invocations    | 1 2 |  2.8
Unarmed Combat | |  3.0
Spellcasting   | |  2.0
Transmutations | |  2.0

Action                     |  1- 3 |  4- 6 || total
---------------------------+-------+-------++-------
  Melee: Unarmed           |    69 |    19 ||    88
         Constrict         |    17 |    19 ||    36
         Kick              |    22 |    22 ||    44
         Tentacles         |    14 |    12 ||    26
         Punch             |     2 |     5 ||     7
         Whip              |       |    63 ||    63
   Cast: Beastly Appendage |    26 |    29 ||    55
         Spider Form       |     1 |     7 ||     8
Ability: End Transformatio |     1 |       ||     1
   Stab: Sleeping          |    10 |    11 ||    21
 Armour: Skin              |     3 |     1 ||     4
  Dodge: Dodged            |    25 |    32 ||    57
  Block: Other             |     6 |     4 ||    10
         Buckler           |       |    21 ||    21
